| TOP OF THE 1ST |
|
University of Minnesota Golden Gophers batting - Pitching for University of Oklahoma Sooners : RHP Ethan Houghton
|
|
Pitching: RHP Ethan Houghton
|
|
|
Batting: LHB Yomas Rodriguez
|
0-0: Swinging Strike 0-1: Ball 1-1: SINGLE (Line Drive, 78S, EV 101.9 MPH)
|
|
Batting: RHB Eric Tesler
|
0-0: Ball Yomas Rodriguez is caught stealing 2nd base 2-4 1-0: Ball 2-0: Ball 3-0: Called Strike 3-1: Ground out 3-1 (Groundball, 34S, EV 70.0 MPH)
|
|
Batting: LHB Shohei Nishi
|
0-0: Called Strike 0-1: Foul Ball, location: 2F 0-2: Ball 1-2: Foul Ball, location: 2F 1-2: Ball 2-2: Foul Ball, location: 2F 2-2: Ball 3-2: Foul Ball, location: 2F 3-2: Base on Balls
|
|
Batting: LHB Dean Bloemendal
|
0-0: Ball 1-0: Ball 2-0: Ball 3-0: Called Strike 3-1: Fly out, F9 (Flyball, 89S, EV 90.0 MPH)
|
| Top of the 1st over - 0 runs, 1 hit, 0 errors, 1 left on base; University of Minnesota 0 - University of Oklahoma 0 |
| BOTTOM OF THE 1ST |
|
University of Oklahoma Sooners batting - Pitching for University of Minnesota Golden Gophers : LHP J.T. Ready
|
|
Pitching: LHP J.T. Ready
|
|
|
Batting: LHB Mike East
|
0-0: Ball 1-0: Called Strike 1-1: Fly out, F4 (Line Drive, 4, EV 69.4 MPH)
|
|
Batting: RHB Patrick Pinault
|
0-0: Swinging Strike 0-1: Ground out 4-3 (Groundball, 13, EV 90.0 MPH)
|
|
Batting: RHB Connell Boyle Jr.
|
0-0: Called Strike 0-1: Foul Ball, location: 2F 0-2: Fly out, F8 (Flyball, 8RD, EV 84.4 MPH)
|
| Bottom of the 1st over - 0 runs, 0 hits, 0 errors, 0 left on base; University of Minnesota 0 - University of Oklahoma 0 |
| TOP OF THE 2ND |
|
University of Minnesota Golden Gophers batting - Pitching for University of Oklahoma Sooners : RHP Ethan Houghton
|
|
Batting: RHB Omar Amaya
|
0-0: Called Strike 0-1: Fly out, F7 (Flyball, 78S, EV 93.1 MPH)
|
|
Batting: RHB Ramiro Vega
|
0-0: Fly out, F9 (Flyball, 89D, EV 88.8 MPH)
|
|
Batting: SHB Mike Garvey
|
0-0: Called Strike 0-1: Called Strike 0-2: Ball 1-2: Ball 2-2: Ball 3-2: Ground out 6-3 (Groundball, 6, EV 102.5 MPH)
|
| Top of the 2nd over - 0 runs, 0 hits, 0 errors, 0 left on base; University of Minnesota 0 - University of Oklahoma 0 |
| BOTTOM OF THE 2ND |
|
University of Oklahoma Sooners batting - Pitching for University of Minnesota Golden Gophers : LHP J.T. Ready
|
|
Batting: RHB Carlos Gonzales
|
0-0: Ground out 4-3 (Groundball, 4, EV 90.0 MPH)
|
|
Batting: SHB Cesar Carrasquillo
|
0-0: Ground out 6-3 (Groundball, 6, EV 88.8 MPH)
|
|
Batting: RHB Jesus Montana
|
0-0: Ball 1-0: Foul Ball, location: 2F 1-1: Foul Ball, location: 2F 1-2: Ground out 6-3 (Groundball, 6, EV 79.4 MPH)
|
| Bottom of the 2nd over - 0 runs, 0 hits, 0 errors, 0 left on base; University of Minnesota 0 - University of Oklahoma 0 |
| TOP OF THE 3RD |
|
University of Minnesota Golden Gophers batting - Pitching for University of Oklahoma Sooners : RHP Ethan Houghton
|
|
Batting: RHB Rafael Porter
|
0-0: Ball 1-0: Ball 2-0: Ball 3-0: Base on Balls
|
|
Batting: RHB Benjie Alejandro
|
0-0: Called Strike 0-1: SINGLE (Line Drive, 5D, EV 95.0 MPH) Rafael Porter to second
|
|
Batting: LHB Yomas Rodriguez
|
0-0: Reached on error, E8 (Flyball, 8RM, EV 79.4 MPH) Rafael Porter to third Benjie Alejandro to second
|
|
Batting: RHB Eric Tesler
|
0-0: Ball 1-0: Ball 2-0: Ball 3-0: Base on Balls Rafael Porter scores Benjie Alejandro to third Yomas Rodriguez to second
|
|
Batting: LHB Shohei Nishi
|
0-0: Ball 1-0: Fly out, F8 (Flyball, 8RD, EV 78.1 MPH) Runner from 3rd tags up, SCORES, throw by CF Yomas Rodriguez to third
|
|
Batting: LHB Dean Bloemendal
|
0-0: Called Strike 0-1: Ball 1-1: Ball 2-1: SINGLE (Flyball, 7LS, EV 91.3 MPH) Yomas Rodriguez scores Eric Tesler to second
|
|
Batting: RHB Omar Amaya
|
0-0: Ball 1-0: Fly out, F8 (Flyball, 8RD, EV 91.3 MPH)
|
|
Batting: RHB Ramiro Vega
|
0-0: Ball 1-0: SINGLE (Groundball, 6, EV 95.6 MPH) Eric Tesler to third Dean Bloemendal to second Runner from 3rd tries for Home, SAFE, throw by CF to home
|
|
Batting: SHB Mike Garvey
|
0-0: Foul Ball, location: 2F 0-1: Foul Ball, location: 2F 0-2: Foul Ball, location: 2F 0-2: Ball 1-2: Foul Ball, location: 2F 1-2: Ground out 3-1 (Groundball, 34S, EV 75.0 MPH)
|
| Top of the 3rd over - 4 runs, 3 hits, 1 error, 2 left on base; University of Minnesota 4 - University of Oklahoma 0 |
| BOTTOM OF THE 3RD |
|
University of Oklahoma Sooners batting - Pitching for University of Minnesota Golden Gophers : LHP J.T. Ready
|
|
Batting: RHB Margh Couch
|
0-0: Called Strike 0-1: Fly out, F7 (Flyball, 78D, EV 85.6 MPH)
|
|
Batting: RHB Josh Lynch
|
0-0: Called Strike 0-1: Ball 1-1: Ball 2-1: Foul Ball, location: 2F 2-2: Fly out, F6 (Popup, 6M, EV 60.0 MPH)
|
|
Batting: RHB Edwin Gutierrez
|
0-0: Ball 1-0: Foul Ball, location: 2F 1-1: Called Strike 1-2: Ball 2-2: Fly out, F7 (Flyball, 78M, EV 75.6 MPH)
|
| Bottom of the 3rd over - 0 runs, 0 hits, 0 errors, 0 left on base; University of Minnesota 4 - University of Oklahoma 0 |
| TOP OF THE 4TH |
|
University of Minnesota Golden Gophers batting - Pitching for University of Oklahoma Sooners : RHP Ethan Houghton
|
|
Batting: RHB Rafael Porter
|
0-0: Ball 1-0: Ball 2-0: Ball 3-0: Called Strike 3-1: Base on Balls
|
|
Batting: RHB Benjie Alejandro
|
0-0: Ball 1-0: SINGLE (Line Drive, 9LS, EV 93.1 MPH) Rafael Porter to second Runner from 2nd tries for 3rd, SAFE, throw by RF made to third
|
|
Batting: LHB Yomas Rodriguez
|
0-0: Called Strike 0-1: Ball 1-1: SINGLE (Groundball, 34D, EV 101.9 MPH) Rafael Porter scores Benjie Alejandro to second
|
|
Pitching: LHP Jim Longley
|
|
|
Batting: RHB Eric Tesler
|
0-0: Called Strike 0-1: Swinging Strike 0-2: Strikes out swinging
|
|
Batting: LHB Shohei Nishi
|
0-0: Called Strike 0-1: Ball 1-1: Fielders Choice at 2nd, 3-6 (Groundball, 3, EV 104.4 MPH) Benjie Alejandro to third
|
|
Batting: LHB Dean Bloemendal
|
0-0: Ball 1-0: Fly out, F8 (Line Drive, 8LM, EV 95.0 MPH)
|
| Top of the 4th over - 1 run, 2 hits, 0 errors, 2 left on base; University of Minnesota 5 - University of Oklahoma 0 |
| BOTTOM OF THE 4TH |
|
University of Oklahoma Sooners batting - Pitching for University of Minnesota Golden Gophers : LHP J.T. Ready
|
|
Batting: LHB Mike East
|
0-0: Fly out, F9 (Flyball, 89S, EV 80.0 MPH)
|
|
Batting: RHB Patrick Pinault
|
0-0: Ball 1-0: SINGLE (Groundball, 34D, EV 110.0 MPH)
|
|
Batting: RHB Connell Boyle Jr.
|
0-0: Ball Patrick Pinault steals 2nd base 1-0: Called Strike 1-1: Foul Ball, location: 2F 1-2: Ground out 4-3 (Groundball, 4, EV 76.9 MPH) Patrick Pinault to third
|
|
Batting: RHB Carlos Gonzales
|
0-0: Fly out, F9 (Flyball, 9, EV 93.1 MPH)
|
| Bottom of the 4th over - 0 runs, 1 hit, 0 errors, 1 left on base; University of Minnesota 5 - University of Oklahoma 0 |
| TOP OF THE 5TH |
|
University of Minnesota Golden Gophers batting - Pitching for University of Oklahoma Sooners : LHP Jim Longley
|
|
Batting: RHB Omar Amaya
|
0-0: Ball 1-0: Swinging Strike 1-1: Foul Ball, location: 2F 1-2: Ball 2-2: Strikes out swinging
|
|
Batting: RHB Ramiro Vega
|
0-0: Ball 1-0: Ball 2-0: Ball 3-0: Called Strike 3-1: Foul Ball, location: 2F 3-2: Foul Ball, location: 2F 3-2: Fly out, F2 (Popup, 2RF, EV 86.3 MPH)
|
|
Batting: SHB Mike Garvey
|
0-0: Ball 1-0: Foul Ball, location: 2F 1-1: Ball 2-1: Ground out 6-3 (Groundball, 6, EV 109.4 MPH)
|
| Top of the 5th over - 0 runs, 0 hits, 0 errors, 0 left on base; University of Minnesota 5 - University of Oklahoma 0 |
| BOTTOM OF THE 5TH |
|
University of Oklahoma Sooners batting - Pitching for University of Minnesota Golden Gophers : LHP J.T. Ready
|
|
Batting: SHB Cesar Carrasquillo
|
0-0: Ball 1-0: Foul Ball, location: 2F 1-1: Ball 2-1: Ball 3-1: Called Strike 3-2: SINGLE (Groundball, 56D, EV 95.0 MPH)
|
|
Batting: RHB Jesus Montana
|
0-0: SINGLE (Flyball, 9LS, EV 95.6 MPH) Cesar Carrasquillo to second
|
|
Batting: RHB Margh Couch
|
0-0: Ball 1-0: Ground out 5-3 (Groundball, 5S, EV 71.3 MPH) Cesar Carrasquillo to third Jesus Montana to second
|
|
Batting: RHB Josh Lynch
|
0-0: Called Strike 0-1: Ball 1-1: Foul Ball, location: 2F 1-2: Ball 2-2: SINGLE (Line Drive, 6M, EV 115.6 MPH) Cesar Carrasquillo scores Jesus Montana to third
|
|
Batting: RHB Edwin Gutierrez
|
0-0: Ball 1-0: SINGLE (Line Drive, 78S, EV 103.1 MPH) Jesus Montana scores Josh Lynch to second
|
|
Batting: LHB Mike East
|
0-0: Called Strike 0-1: Called Strike Josh Lynch is caught stealing 3rd base 2-5 Edwin Gutierrez to second 0-2: Foul Ball, location: 2F 0-2: Ground out 4-3 (Groundball, 4S, EV 86.9 MPH)
|
| Bottom of the 5th over - 2 runs, 4 hits, 0 errors, 1 left on base; University of Minnesota 5 - University of Oklahoma 2 |
| TOP OF THE 6TH |
|
University of Minnesota Golden Gophers batting - Pitching for University of Oklahoma Sooners : LHP Jim Longley
|
|
Batting: RHB Rafael Porter
|
0-0: Fly out, F6 (Flyball, 56D, EV 81.9 MPH)
|
|
Batting: RHB Benjie Alejandro
|
0-0: Ball 1-0: Ball 2-0: Called Strike 2-1: Foul Ball, location: 2F 2-2: Ball 3-2: Ground out 6-3 (Groundball, P, EV 83.1 MPH)
|
|
Batting: LHB Yomas Rodriguez
|
0-0: Called Strike 0-1: Swinging Strike 0-2: Ground out 4-3 (Groundball, 4, EV 80.0 MPH)
|
| Top of the 6th over - 0 runs, 0 hits, 0 errors, 0 left on base; University of Minnesota 5 - University of Oklahoma 2 |
| BOTTOM OF THE 6TH |
|
University of Oklahoma Sooners batting - Pitching for University of Minnesota Golden Gophers : LHP J.T. Ready
|
|
Batting: RHB Patrick Pinault
|
0-0: Swinging Strike 0-1: Called Strike 0-2: Ball 1-2: Fly out, F7 (Flyball, 78S, EV 88.1 MPH)
|
|
Batting: RHB Connell Boyle Jr.
|
0-0: Ball 1-0: Called Strike 1-1: Foul Ball, location: 2F 1-2: Foul Ball, location: 2F 1-2: Ball 2-2: Ball 3-2: SINGLE (Groundball, 4MD, EV 103.8 MPH)
|
|
Batting: RHB Carlos Gonzales
|
0-0: Called Strike 0-1: Ball 1-1: Ball 2-1: Ball 3-1: Foul Ball, location: 2F 3-2: Strikes out swinging
|
|
Batting: SHB Cesar Carrasquillo
|
0-0: Called Strike 0-1: Ball 1-1: Ball 2-1: Fly out, F3 (Popup, 3F, EV 81.3 MPH)
|
| Bottom of the 6th over - 0 runs, 1 hit, 0 errors, 1 left on base; University of Minnesota 5 - University of Oklahoma 2 |
| TOP OF THE 7TH |
|
University of Minnesota Golden Gophers batting - Pitching for University of Oklahoma Sooners : LHP Jim Longley
|
|
Pitching: RHP Adam Kelly
|
|
|
Batting: RHB Eric Tesler
|
0-0: Ball 1-0: Ground out 4-3 (Groundball, 34, EV 94.4 MPH)
|
|
Batting: LHB Shohei Nishi
|
0-0: Called Strike 0-1: Ground out 6-3 (Groundball, 6M, EV 84.4 MPH)
|
|
Batting: LHB Dean Bloemendal
|
0-0: Called Strike 0-1: Ball 1-1: Called Strike 1-2: SINGLE (Groundball, 6, EV 95.6 MPH)
|
|
Batting: RHB Omar Amaya
|
0-0: Ball Dean Bloemendal steals 2nd base 1-0: Ball 2-0: Called Strike 2-1: Called Strike 2-2: Fly out, F9 (Flyball, 89S, EV 78.8 MPH)
|
| Top of the 7th over - 0 runs, 1 hit, 0 errors, 1 left on base; University of Minnesota 5 - University of Oklahoma 2 |
| BOTTOM OF THE 7TH |
|
University of Oklahoma Sooners batting - Pitching for University of Minnesota Golden Gophers : LHP J.T. Ready
|
|
Pitching: RHP Josh Wellman
|
|
|
Batting: RHB Jesus Montana
|
0-0: Called Strike 0-1: Ball 1-1: Foul Ball, location: 2F 1-2: Ground out 6-3 (Groundball, 6, EV 81.3 MPH)
|
|
Batting: RHB Margh Couch
|
0-0: Ball 1-0: SINGLE (Line Drive, 34D, EV 96.3 MPH)
|
|
Batting: RHB Josh Lynch
|
0-0: Called Strike 0-1: SINGLE (Groundball, 6MD, EV 96.3 MPH) Margh Couch to second Runner from 2nd tries for 3rd, OUT! 8-5 Josh Lynch to second
|
|
Batting: RHB Edwin Gutierrez
|
0-0: Swinging Strike 0-1: Ground out 6-3 (Groundball, 6, EV 76.9 MPH)
|
| Bottom of the 7th over - 0 runs, 2 hits, 0 errors, 1 left on base; University of Minnesota 5 - University of Oklahoma 2 |
| TOP OF THE 8TH |
|
University of Minnesota Golden Gophers batting - Pitching for University of Oklahoma Sooners : RHP Adam Kelly
|
|
Pinch Hitting: RHB Fernando Sosa
|
0-0: Ball 1-0: Ball 2-0: Ball 3-0: Base on Balls
|
|
Batting: SHB Mike Garvey
|
0-0: Called Strike 0-1: Grounds into double play, 1-6-3 (Groundball, 34S, EV 70.0 MPH)
|
|
Batting: RHB Rafael Porter
|
0-0: Called Strike 0-1: Ball 1-1: Ground out 4-3 (Groundball, 4S, EV 80.6 MPH)
|
| Top of the 8th over - 0 runs, 0 hits, 0 errors, 0 left on base; University of Minnesota 5 - University of Oklahoma 2 |
| BOTTOM OF THE 8TH |
|
University of Oklahoma Sooners batting - Pitching for University of Minnesota Golden Gophers : RHP Josh Wellman
|
|
Now at 1B: David Gomez
|
|
|
Now in LF: Willie Camacho
|
|
|
Batting: LHB Mike East
|
0-0: Foul Ball, location: 2F 0-1: Swinging Strike 0-2: Ball 1-2: Strikes out looking
|
|
Pinch Hitting: RHB Jonathan Gamez
|
0-0: Ball 1-0: Called Strike 1-1: Ground out 3-1 (Groundball, 34, EV 107.5 MPH)
|
|
Batting: RHB Connell Boyle Jr.
|
0-0: Called Strike 0-1: Foul Ball, location: 2F 0-2: Ball 1-2: Strikes out swinging
|
| Bottom of the 8th over - 0 runs, 0 hits, 0 errors, 0 left on base; University of Minnesota 5 - University of Oklahoma 2 |
| TOP OF THE 9TH |
|
University of Minnesota Golden Gophers batting - Pitching for University of Oklahoma Sooners : RHP Adam Kelly
|
|
Now at 2B: Yang-cheng Kui
|
|
|
Pinch Hitting: RHB Luis Monita
|
0-0: Ground out 2-3 (Groundball, 2L, EV 65.0 MPH)
|
|
Batting: LHB Yomas Rodriguez
|
0-0: Ball 1-0: Called Strike 1-1: Ball 2-1: Swinging Strike 2-2: Ground out 2-3 (Groundball, 2L, EV 70.0 MPH)
|
|
Batting: RHB Eric Tesler
|
0-0: Called Strike 0-1: Hit by Pitch
|
|
Pinch Hitting: RHB Ding-bong He
|
0-0: Ball 1-0: Foul Ball, location: 2F 1-1: Ball 2-1: Swinging Strike 2-2: Ball 3-2: Base on Balls Eric Tesler to second
|
|
Batting: RHB Willie Camacho
|
0-0: Ball 1-0: Foul Ball, location: 2F 1-1: Ball 2-1: Foul Ball, location: 2F 2-2: Foul Ball, location: 2F 2-2: Strikes out looking
|
| Top of the 9th over - 0 runs, 0 hits, 0 errors, 2 left on base; University of Minnesota 5 - University of Oklahoma 2 |
| BOTTOM OF THE 9TH |
|
University of Oklahoma Sooners batting - Pitching for University of Minnesota Golden Gophers : RHP Josh Wellman
|
|
Pitching: LHP Sueo Iba
|
|
|
Now at 3B: Rodolfo Cosme
|
|
|
Now in RF: Archer McDowell
|
|
|
Pinch Hitting: RHB Danny Hutto
|
0-0: Fly out, F8 (Flyball, 8LD, EV 98.1 MPH)
|
|
Batting: SHB Cesar Carrasquillo
|
0-0: Called Strike 0-1: Fly out, F7 (Flyball, 7, EV 78.1 MPH)
|
|
Batting: RHB Jesus Montana
|
0-0: Swinging Strike 0-1: SINGLE (Line Drive, 9S, EV 93.1 MPH)
|
|
Batting: RHB Margh Couch
|
0-0: SINGLE (Groundball, 6MD, EV 98.1 MPH) Jesus Montana to second
|
|
Pinch Hitting: RHB Noriya Yasuda
|
0-0: Swinging Strike 0-1: Fly out, F8 (Flyball, 78M, EV 79.4 MPH)
|
| Bottom of the 9th over - 0 runs, 2 hits, 0 errors, 2 left on base; University of Minnesota 5 - University of Oklahoma 2 |
|